 Dungeon Crawl Stone Soup version 0.29.0-4-gdea44cf6ec (webtiles) character file.

Game seed: 12280409479557795331

1 qw the Sneak (level 1, -3/10 HPs)
             Began as a Felid Delver on Aug 27, 2022.
             Killed from afar by Blork the orc (5 damage)
             ... with a puff of flame
             ... on level 4 of the Dungeon.
             The game lasted 00:00:00 (11 turns).

qw the Sneak (Felid Delver)                           Turns: 11, Time: 00:00:00

Health: -3/10      AC:  1    Str:  8    XL:     1   Next: 16%
Magic:  2/2        EV: 17    Int: 11    God:
Gold:   0          SH:  0    Dex: 17    Spells: 0/0 levels left
                                        Lives:  0   Deaths: 0

rFire   . . .      SeeInvis +     - Unarmed
rCold   . . .      Faith    .   (shield unavailable)
rNeg    . . .      Spirit   .   (body armour unavailable)
rPois   .          Reflect  .   (helmet unavailable)
rElec   .          Harm     .   (cloak unavailable)
rCorr   .          Rampage  .   (gloves unavailable)
Will    .....                   (boots unavailable)
Stlth   +++.......              (no amulet)
HPRegen 0.03/turn               (no ring)
MPRegen 0.08/turn               (no ring)

@: quick
A: very small, claws 1, fangs 3, see invisible, speed 1, shaggy fur 1, stealthy
paws, no weapons or thrown items, no armour, multi-lived
a: no special abilities


You were on level 4 of the Dungeon.
You visited 1 branch of the dungeon, and saw 2 of its levels.


Innate Abilities, Weirdness & Mutations

You have sharp claws.
You have razor-sharp teeth.
You have supernaturally acute eyesight. (SInv)
You cover ground quickly. (Speed+)
You are covered in fur. (AC +1)
Your paws help you pounce on unaware monsters.
You are incapable of wielding weapons or throwing items.
You cannot wear armour.
You gain extra lives every three experience levels.


   Skills:
 - Level 3.0 Fighting
 - Level 2.6 Dodging
 - Level 6.6 Stealth
 + Level 2.1 Unarmed Combat


You couldn't memorise any spells.
You didn't know any spells.
Your spell library was empty.

Inventory:

Wands
 e - a wand of digging (3)
Potions
 d - a potion of haste

Dungeon Overview and Level Annotations

Branches:
Dungeon (5/15)
 Temple: D:4-7

Altars:

Annotations:
D:4 Blork the orc


Message History

Found a stone staircase leading down and a stone staircase leading up.
Assign waypoint to what number? (0-9) Waypoint 2 assigned to D:5.
Enter note:
0 ||| PLANNING D:1-11
0 ||| DROPPING scroll of fog.
You drop a scroll of fog.
1 ||| DROPPING scroll of magic mapping.
You drop a scroll of magic mapping.
2 ||| DROPPING scroll of fear.
You drop a scroll of fear.
(D) Dungeon
Where to? (* - list waypoints, ? - help)
What level of the Dungeon? (default 1, ? - help)
There is a stone staircase leading up here.
You climb upwards.
The goblin shouts!
Blork the orc shouts!
You hear a shout!
Found three items.
There is a stone staircase leading down here.
There are monsters nearby!
Existing waypoints: (2) D:5 Assign waypoint to what number? (0-9, D - delete waypoint) Waypoint 1 assigned to D:4.
Enter note: An endoplasm comes into view.
A quokka comes into view.
You barely miss the kobold. The kobold barely misses you.
You scratch the kobold but do no damage.
Blork the orc hits you from afar with a +0 trident!
Ouch! That really hurt!
The kobold completely misses you.
You scratch the quokka.
You kill the quokka!
Blork the orc drinks a potion.
Blork the orc's spells are empowered!
The kobold completely misses you.
You closely miss the kobold. The kobold misses you.
Blork the orc casts a spell at you. The puff of flame hits you.
Ouch! That really hurt!
You die...

.....#.# ##
#......#..#
##......#...
##..........
#.......!.#
....o...#.. ###
#%.K.....#
.....##.@g.J...#
.......>........
................
...............#
..#............#
# #...#.........
#...###[....?##
....# #..#....
.... .......


You could see Blork the orc (empowered), an endoplasm, a goblin and a kobold.

Vanquished Creatures
  A quokka (D:4)
1 creature vanquished.

Notes
Turn   | Place    | Note
-------+----------+-------------------------------------------
     0 | D:5      | qw the Felid Delver began the quest for the Orb.
     0 | D:5      | Reached XP level 1. HP: 10/10 MP: 2/2
     0 | D:5      | 0 ||| qw: Version: 0.1-a-89-g26bdef1
     0 | D:5      | 0 ||| qw: Game counter: 70
     0 | D:5      | 0 ||| qw: Always use a shield: true
     0 | D:5      | 0 ||| qw: God list: Okawaru, Trog
     0 | D:5      | 0 ||| qw: Allow faded altars: false
     0 | D:5      | 0 ||| qw: Do Orc after D:15 true
     0 | D:5      | 0 ||| qw: Do second Lair branch before Depths: true
     0 | D:5      | 0 ||| qw: Lair rune preference: random
     0 | D:5      | 0 ||| qw: Plans: Normal
     0 | D:5      | 0 ||| PLANNING D:1-11
     0 | D:5      | 0 ||| DROPPING scroll of fog.
     1 | D:5      | 1 ||| DROPPING scroll of magic mapping.
     2 | D:5      | 2 ||| DROPPING scroll of fear.
     6 | D:4      | Noticed Blork the orc
     9 | D:4      | HP: 2/10 [Blork the orc/+0 trident (8)]
    11 | D:4      | Killed from afar by Blork the orc

Levels and vault maps discovered:
D:4:      layout_cave_pools, led_sif_pool, serial_shops, nicolae_square_shop,
          shop, uniq_pikel, uniq_blork_the_orc
D:5:      layout_rooms, overflow_temple_1_default, minmay_between,
          uniq_eustachio

Action                   || total
-------------------------++-------
Melee: Unarmed           ||     4
Dodge: Dodged            ||     4

Table legend:
 A = Non-vault XP
 B = Vault XP
 C = Vault XP percentage of total XP
 D = Non-vault monster count
 E = Vault monster count
 F = Vault count percentage of total count
                 A         B        C        D         E       F
            +---------+---------+-------+---------+---------+-------
      Total |       2 |       0 |   0.0 |       1 |       0 |   0.0
            +---------+---------+-------+---------+---------+-------
        D:4 |       2 |       0 |   0.0 |       1 |       0 |   0.0
            +---------+---------+-------+---------+---------+-------
